Map: Neon Violet Square LE

Players

sOs - Winner!

  • Race: Protoss Protoss
  • Spawn Location: 11:00

Ryung

  • Race: Terran Terran
  • Spawn Location: 5:00

Event: IEM Season 12 - Katowice

VOD

Have the link to the VOD?

Description

Time

  • Played on: March 2, 2018, 11:11 a.m.
  • Length: 17:34

All games in this series

Show
View Real Time Build Order
Export as new Build Order

sOs Protoss - Winner!

Build Orders: Blink Stalkers, Chargelot Immortal 

Get SALT Encoding   

  12  0:00  Probe  
  13  0:12  Probe  
  14  0:17  Pylon  
  14  0:25  Probe  
  15  0:37  Probe (Chrono Boost)  
  15  0:39  Gateway  
  16  0:46  Probe (Chrono Boost)  
  16  0:49  Assimilator  
  17  0:51  Probe (Chrono Boost)  
  18  1:03  Probe  
  19  1:15  Probe  
  20  1:23  Pylon  
  20  1:25  Cybernetics Core  
  20  1:26  Zealot  
  20  1:27  Probe  
  24  1:53  Nexus  
  23  2:00  Stalker (Chrono Boost)  
  23  2:04  Warp Gate  
  23  2:07  Probe  
  26  2:13  Assimilator  
  26  2:19  Probe  
  27  2:24  Stalker  
  28  2:32  Pylon  
  28  2:34  Probe  
  29  2:46  Probe  
  29  2:48  Twilight Council  
  32  2:59  Probe (Chrono Boost)  
  33  3:09  Probe (Chrono Boost)  
  33  3:11  Probe (Chrono Boost)  
  33  3:14  Robotics Facility  
  33  3:18  Probe (Chrono Boost)  
  33  3:19  Probe (Chrono Boost)  
  35  3:24  Probe (Chrono Boost)  
  35  3:25  Probe, Blink (Chrono Boost)  
  37  3:36  Probe  
  37  3:37  Probe  
  39  3:44  Gateway  
  39  3:48  Gateway  
  39  3:50  Probe  
  39  3:51  Probe  
  41  4:02  Probe, Observer  
  43  4:04  Probe  
  43  4:07  Stalker  
  46  4:10  Pylon  
  46  4:13  Assimilator  
  46  4:14  Probe  
  46  4:16  Probe  
  48  4:24  Observer  
  49  4:30  Probe x2  
  51  4:42  Stalker x3  
  51  4:45  Probe x2  
  59  4:59  Nexus  
  59  5:04  Probe  
  59  5:13  Charge  
  59  5:14  Warp Prism  
  61  5:24  Gateway  
  61  5:25  Gateway  
  61  5:27  Gateway  
  61  5:31  Gateway  
  61  5:37  Probe  
  61  5:38  Probe  
  62  5:43  Pylon, Gateway  
  62  5:58  Immortal (Chrono Boost)  
  62  6:01  Probe x2  
  62  6:02  Pylon  
  68  6:09  Sentry  
  70  6:11  Probe  
  70  6:13  Probe x2  
  70  6:14  Zealot, Sentry  
  77  6:20  Pylon  
  77  6:24  Zealot x3  
  83  6:31  Immortal (Chrono Boost)  
  87  6:42  Pylon  
  87  6:51  Zealot x2, Stalker x3  
  87  6:52  Zealot x2  
  101  7:00  Probe x3  
  104  7:08  Pylon  
  103  7:13  Probe  
  103  7:14  Pylon  
  104  7:18  Probe x2  
  104  7:19  Pylon  
  106  7:23  Phoenix, Forge  
  106  7:24  Forge  
  106  7:25  Immortal (Chrono Boost)  
  110  7:38  Probe x3  
  113  7:44  Zealot x7  
  113  7:47  Pylon  
  127  7:53  Protoss Ground Weapons Level 1 (Chrono Boost), Protoss Ground Armor Level 1 (Chrono Boost)  
  127  7:56  Observer  
  123  8:04  Templar Archives  
  124  8:05  Probe x2  
  124  8:06  Probe  
  124  8:07  Warp Prism (Chrono Boost), Assimilator  
  124  8:11  Assimilator  
  124  8:22  Probe  
  124  8:23  Psionic Storm  
  125  8:28  Assimilator  
  125  8:40  Zealot x8  
  135  8:47  Immortal  
  139  8:56  Pylon  
  139  9:02  Stalker  
  133  9:17  Stalker x2  
  133  9:18  Stalker x5  
  115  9:28  Immortal  
  119  9:32  Protoss Ground Weapons Level 2 (Chrono Boost)  
  119  9:37  Protoss Ground Armor Level 2 (Chrono Boost)  
  119  9:38  Zealot  
  121  9:40  Zealot  
  121  9:41  Zealot x5  
  119  9:57  Zealot  
  119  9:59  Zealot  
  95  10:04  High Templar x3  
  95  10:06  Zealot x2  
  95  10:07  Zealot  
  101  10:09  Immortal  
  105  10:19  Probe  
  105  10:21  Nexus  
  106  10:22  Zealot x2  
  106  10:28  Stalker x3  
  114  10:40  Zealot x3  
  112  10:43  Zealot x3  
  108  10:50  Archon  
  108  10:52  Warp Prism (Chrono Boost)  
  108  10:53  Stalker x3  
  108  10:54  High Templar  
  112  10:59  High Templar  
  112  11:02  Assimilator  
  114  11:04  Stalker x2  
  114  11:10  Stalker  
  120  11:16  Probe  
  121  11:19  Pylon  
  121  11:20  Stalker x3  
  121  11:23  Immortal (Chrono Boost)  
  131  11:26  Probe  
  131  11:28  Pylon  
  130  11:34  Protoss Shields Level 1 (Chrono Boost)  
  130  11:42  Stalker x3  
  134  11:50  Stalker x3  
  140  11:55  High Templar x2  
  144  12:05  Warp Prism (Chrono Boost)  
  144  12:06  Probe  
  146  12:14  Protoss Ground Armor Level 3 (Chrono Boost)  
  146  12:27  Zealot x8  
  158  12:50  Archon  
  152  12:54  Immortal (Chrono Boost)  
  152  12:58  Zealot x8  
  137  13:30  Zealot x7  
  137  13:31  Zealot, Immortal (Chrono Boost)  
  143  14:00  Zealot x8  
  159  14:08  Nexus  
  159  14:10  Immortal  
  159  14:11  Pylon  
  151  14:23  Zealot x8  
  120  14:46  Stalker x5  
  130  14:56  Gateway x2  
  130  14:58  Gateway  
  130  15:00  Warp Prism (Chrono Boost)  
  132  15:10  High Templar x2  
  132  15:11  High Templar x2  
  136  15:25  High Templar  
  138  15:30  Photon Cannon  
  138  15:33  Immortal (Chrono Boost)  
  140  15:45  Pylon  
  140  15:47  Zealot x4  
  148  16:03  Immortal  
  144  16:04  High Templar x3  
  144  16:05  High Templar  
  144  16:09  Archon  
  144  16:10  Archon, High Templar x3  
  144  16:11  High Templar  
  164  16:16  Pylon  
  164  16:19  Shield Battery  
  164  16:21  Photon Cannon  
  164  16:23  Archon x2  
  164  16:25  Probe x4  
  168  16:33  Pylon  
  164  16:43  Probe  
  164  16:44  Stalker x4  
  169  16:48  Zealot  
  158  17:05  Probe  
  155  17:09  Pylon  
  155  17:12  High Templar x4  
  155  17:13  High Templar x2  
  155  17:14  Zealot  
  169  17:18  Archon x3  
Show
View Real Time Build Order
Export as new Build Order

Ryung Terran 

Build Orders: Gas First Reaper Expand, Reaper Expand, MMM Bio 

Get SALT Encoding   

  12  0:01  SCV  
  13  0:13  SCV  
  14  0:18  Supply Depot  
  14  0:25  SCV  
  15  0:29  Refinery  
  15  0:40  SCV  
  16  0:45  Barracks  
  16  0:52  SCV  
  17  1:04  SCV  
  18  1:16  SCV  
  19  1:31  Orbital Command  
  19  1:32  Reaper  
  20  1:55  Command Center  
  20  1:58  SCV  
  21  2:05  Barracks Reactor  
  21  2:10  SCV  
  21  2:11  Factory  
  22  2:21  Supply Depot  
  22  2:22  SCV  
  23  2:28  Refinery  
  23  2:39  Bunker  
  23  2:42  SCV, Marine  
  23  2:43  Marine  
  26  2:54  SCV, Starport  
  26  2:58  Widow Mine  
  29  3:03  Marine x2  
  31  3:09  SCV  
  32  3:18  Orbital Command  
  32  3:23  Widow Mine  
  32  3:26  Marine  
  35  3:27  Marine  
  35  3:30  SCV  
  35  3:33  Medivac  
  38  3:42  SCV  
  38  3:44  Marine  
  38  3:45  SCV, Marine  
  42  3:51  Supply Depot  
  42  3:54  SCV  
  43  3:57  SCV  
  44  4:06  SCV  
  46  4:10  SCV  
  46  4:11  Barracks Tech Lab  
  46  4:17  Barracks  
  46  4:19  Barracks  
  46  4:20  SCV  
  46  4:21  Engineering Bay  
  46  4:22  SCV  
  48  4:25  Supply Depot  
  48  4:30  Marine  
  48  4:31  Stimpack  
  49  4:33  SCV  
  49  4:34  SCV  
  49  4:38  Refinery  
  51  4:39  Factory Reactor  
  51  4:40  Starport Reactor  
  51  4:46  SCV x2  
  51  4:47  Terran Infantry Weapons Level 1  
  51  4:48  Marine  
  54  5:04  SCV x2  
  54  5:06  Barracks Tech Lab  
  55  5:08  Supply Depot  
  55  5:09  Marine x3  
  55  5:11  Missile Turret  
  56  5:16  SCV x2  
  58  5:24  Combat Shields  
  58  5:27  Marauder  
  58  5:28  Marauder  
  62  5:29  SCV x2  
  62  5:30  Marine x2  
  62  5:33  Supply Depot  
  66  5:37  Medivac  
  66  5:38  Medivac  
  70  5:54  Marine x2  
  70  5:55  Supply Depot, SCV x2, Marauder x2  
  78  5:58  Supply Depot  
  78  6:16  Marine x2, Medivac x2  
  78  6:17  Marauder  
  86  6:20  Widow Mine x2, Marauder  
  92  6:31  Command Center  
  92  6:38  Marine x2  
  94  6:42  Terran Infantry Armor Level 1  
  94  6:51  Liberator x2  
  94  6:53  Refinery  
  94  6:54  Barracks  
  94  6:55  Barracks  
  94  6:56  SCV  
  102  7:08  Marauder  
  102  7:10  Supply Depot  
  102  7:12  Supply Depot  
  102  7:25  SCV  
  102  7:31  Marine x2, Concussive Shells  
  102  7:32  Widow Mine x2, Marauder  
  102  7:34  SCV, Marauder, Liberator  
  110  7:37  SCV  
  110  7:42  Liberator  
  111  7:44  Orbital Command  
  111  7:46  SCV  
  111  7:47  Barracks Reactor, Barracks Tech Lab  
  115  7:53  Marauder  
  120  8:07  Marine x2  
  120  8:08  Marauder x2  
  120  8:09  Supply Depot, SCV x2  
  120  8:10  Supply Depot, SCV  
  129  8:14  Widow Mine x2  
  132  8:20  Armory  
  132  8:25  Engineering Bay  
  132  8:27  Liberator  
  132  8:28  SCV x2  
  132  8:36  Liberator  
  132  8:39  Marine x4, Marauder  
  132  8:40  Marauder x2  
  142  8:50  SCV x3  
  148  9:02  Supply Depot  
  148  9:03  Supply Depot  
  148  9:10  Liberator  
  148  9:15  Marauder  
  148  9:16  Marauder x2  
  148  9:17  Marine x4  
  131  9:25  SCV x3  
  135  9:34  Marine x2  
  135  9:36  Marauder  
  135  9:37  Marauder  
  135  9:38  Marauder  
  142  9:39  Terran Infantry Weapons Level 2  
  141  9:47  SCV x3  
  141  9:50  Liberator  
  134  9:53  Liberator  
  134  9:54  Marine x4  
  134  9:57  Marine  
  134  9:58  Marine  
  134  9:59  Marauder  
  129  10:05  SCV  
  129  10:06  SCV x2  
  129  10:17  Marine x4  
  129  10:18  Marine, Terran Infantry Armor Level 2  
  130  10:25  Widow Mine x2  
  134  10:30  Refinery x2  
  134  10:34  Marine x2  
  134  10:35  Marine x2  
  138  10:37  Marine x2  
  138  10:40  Liberator  
  138  10:41  Liberator  
  140  10:48  Marauder  
  117  10:58  Marine x4  
  117  11:02  SCV x2  
  117  11:03  Ghost Academy  
  129  11:06  Barracks x2  
  129  11:07  Barracks  
  129  11:09  Command Center  
  129  11:19  Marine x4  
  129  11:20  Marauder x3  
  129  11:22  Supply Depot  
  143  11:25  Widow Mine  
  143  11:26  Widow Mine  
  143  11:27  SCV x3  
  146  11:39  SCV x2  
  139  11:42  Marine x4  
  139  11:43  Ghost x3  
  129  11:50  Medivac  
  129  11:51  Missile Turret  
  129  11:52  Medivac  
  132  12:04  Marine x4, Barracks Tech Lab x2  
  136  12:12  Barracks Tech Lab  
  134  12:20  Marauder x3  
  134  12:21  Marine x2  
  142  12:23  Planetary Fortress  
  142  12:29  Marine x3  
  147  12:30  Marauder  
  145  12:38  Sensor Tower, Marauder  
  145  12:41  Marauder  
  145  12:42  Marine, Marauder x2  
  148  12:47  Marauder  
  148  12:51  Marauder  
  148  12:53  Marine  
  147  12:59  Marauder  
  147  13:02  Marine x3  
  147  13:03  Marine, Marauder x2  
  150  13:10  Marine  
  150  13:11  Marine  
  150  13:12  Marine  
  144  13:20  Marine x2  
  144  13:24  SCV x2  
  136  13:27  Marine x4  
  136  13:32  SCV  
  140  13:40  Marine x4  
  133  13:47  SCV x4  
  133  13:48  Marine  
  134  13:57  Marine x2  
  134  13:59  SCV x2  
  134  14:00  Marine x2  
  134  14:01  Marine x2  
  142  14:03  Marine x2  
  142  14:06  Marine x2  
  146  14:15  Marine x2  
  141  14:18  Marine x2  
  141  14:22  Marine x4  
  141  14:23  Marine x2  
  137  14:33  Marine x2  
  137  14:36  Marine x2  
  109  14:39  Marine x2  
  109  14:40  Marine x2  
  109  14:41  Marine x2  
  106  14:50  Marine x2  
  106  14:59  Medivac  
  97  15:10  Medivac  
  93  15:24  Marine x3  
  96  15:33  Medivac  
  98  15:42  Marauder x4  
  106  15:53  Marine x2, Marauder  
  106  15:54  Marauder  
  111  15:59  Marine x2  
  111  16:03  Marine  
  118  16:13  Ghost x2  
  118  16:18  Ghost  
  118  16:23  Ghost  
  122  16:33  Marine, Marauder  
  117  16:50  Marauder x3  
  120  16:59  Marine x3  
  107  17:03  Marauder  

Tags
 
Add a new tag
Caveats
  • Supply blocks, unpowered buildings, or Contaminate may cause inaccurate times.
  • Supply counts are checked every 10 seconds.